 Dungeon Crawl Stone Soup version 0.27.0-1-g7a089689b8 (webtiles) character file.

Game seed: 15525784999752513781

44 sanka the Grave Robber (level 3, 15/15 HPs)
             Began as a Felid Necromancer on Aug 4, 2021.
             Was a Follower of Makhleb.
             Quit the game on level 1 of the Dungeon.
             The game lasted 00:02:09 (1776 turns).

sanka the Grave Robber (Felid Necromancer)          Turns: 1776, Time: 00:02:09

Health: 15/15      AC:  1    Str:  4    XL:     3   Next: 41%
Magic:  7/7        EV: 18    Int: 16    God:    Makhleb [*.....]
Gold:   12         SH:  0    Dex: 17    Spells: 5/6 levels left
                                        Lives:  0   Deaths: 0

rFire    . . .     SeeInvis +     - Unarmed
rCold    . . .     Faith    .   (shield unavailable)
rNeg     . . .     Spirit   .   (armour unavailable)
rPois    .         Reflect  .   (helmet unavailable)
rElec    .         Harm     .   (cloak unavailable)
rCorr    .         Rampage  .   (gloves unavailable)
Will     .....                  (boots unavailable)
Stlth    ++........             (no amulet)
HPRegen  0.05/turn              (no ring)
MPRegen  0.10/turn              (no ring)

@: quick
A: very small, claws 1, fangs 3, see invisible, speed 1, shaggy fur 1, stealthy
paws, no weapons or thrown items, no armour, multi-lived
a: Renounce Religion


You were on level 1 of the Dungeon.
You worshipped Makhleb.
Makhleb was aware of your devotion.
You visited 1 branch of the dungeon, and saw 1 of its levels.

You collected 12 gold pieces.


Innate Abilities, Weirdness & Mutations

You have sharp claws.
You have razor-sharp teeth.
You have supernaturally acute eyesight. (SInv)
You cover ground quickly. (Speed+)
You are covered in fur. (AC +1)
Your paws help you pounce on unaware monsters.
You are incapable of wielding weapons or throwing items.
You cannot wear armour.
You gain extra lives every three experience levels.


   Skills:
 + Level 1.5 Fighting
 + Level 3.7 Dodging
 - Level 2.6 Stealth
 + Level 1.6 Unarmed Combat
 - Level 2.0 Spellcasting
 - Level 4.0 Necromancy


You had 5 spell levels left.
You knew the following spells:

 Your Spells              Type           Power      Damage    Failure   Level
z - Pain                  Necr           56%        1d6       4%          1

Your spell library contained the following spells:

 Spells                   Type           Power      Damage    Failure   Level
 Animate Skeleton         Necr           28%        N/A       4%          1
 Vampiric Draining        Necr           7%         2d7       12%         3
 Animate Dead             Necr           7%         N/A       36%         4
 Agony                    Necr           14%        N/A       73%         5

Inventory:

Scrolls
 c - a scroll of fog {unknown}
 d - a scroll of teleportation {unknown}
Potions
 a - 2 potions of magic {unknown}
 b - a potion of curing {unknown}

Dungeon Overview and Level Annotations

Branches:
Dungeon (1/15)

Altars:
Makhleb

▒▒▒ ▒♣♣▒♣♣.♣♣▒▒♣▒▒▒
▒P.P.≈.....P▒P▒ ▒PP.....P.P.P♣♣
▒▒▒P.......#..PP♣ ▒▒▒
▒).....#...#...▒
..▒▒▒▒▒)▒........#[.▒P♣▒▒▒▒▒▒▒▒▒▒
..'..(..▒PP.....hP..P♣P▒...>.....
..▒▒▒▒▒.▒♣P▒...▒PPP.▒P♣▒▒▒▒▒▒▒▒▒▒
..▒ ▒)▒♣♣♣♣▒♣P♣♣▒♣▒▒▒ ..▒▒▒▒▒'▒▒▒
▒▒▒ ▒▒▒▒......▒ ▒......▒
▒▒▒▒......▒ ..........▒
▒▒▒▒▒'▒'▒▒▒


There were no monsters in sight!


Message History

You kill the hobgoblin!
Makhleb accepts your kill.
You scratch the rat.
The rat is heavily wounded.
The rat bites you.
You scratch the rat.
You kill the rat!
Makhleb accepts your kill.
No target in view!
No target in view!
No target in view!
Unknown command.
There is an open door, spattered with blood here.
Things that are here:
a +0 dagger; a kobold corpse You open the door.
There is an open door here.
Found a stone staircase leading down.
You open the door.
There is an open door here.
There is an open door here.
There is an open door here.
Items here: ( ))) ÷÷.
Items here: ( ) ÷÷.
Partly explored, can't reach some places.
Partly explored, can't reach some places.
Partly explored, can't reach some places.
Search for what [Enter for "god", or ? for help]? .
Okay, then.
Are you sure you want to abandon this character and quit the game? (Confirm with "yes".)

Action                   || total
-------------------------++-------
Melee: Unarmed           ||   154
       Bite              ||    10
 Stab: Sleeping          ||     4
       Distracted        ||     2
Armor: Skin              ||     8
Dodge: Dodged            ||   124

Levels and vault maps discovered:
D:1:      scummos_arrival_forest, layout_basic,
          dreamdust_ecumenical_altar_grove, lexackson_kobold_supper

Notes
Turn   | Place    | Note
-------+----------+-------------------------------------------
     0 | D:1      | sanka the Felid Necromancer began the quest for the Orb.
     0 | D:1      | Reached XP level 1. HP: 7/7 MP: 4/4
    50 | D:1      | Reached skill level 3 in Dodging
   333 | D:1      | Reached XP level 2. HP: 10/12 MP: 6/6
   335 | D:1      | Reached skill level 1 in Unarmed Combat
   612 | D:1      | Reached skill level 1 in Fighting
   864 | D:1      | Found a faded altar of an unknown god.
   922 | D:1      | Became a worshipper of Makhleb the Destroyer
   922 | D:1      | Reached * piety under Makhleb
  1112 | D:1      | Reached XP level 3. HP: 15/15 MP: 7/7
  1776 | D:1      | Quit the game

Vanquished Creatures
  2 dart slugs (D:1)
  2 bats (D:1)
  2 endoplasms (D:1)
  4 giant cockroaches (D:1)
  3 goblins (D:1)
  5 hobgoblins (D:1)
  5 jackals (D:1)
  A quokka (D:1)
  4 frilled lizards (D:1)
  6 kobolds (D:1)
  A rat (D:1)
35 creatures vanquished.

Vanquished Creatures (others)
  13 plants (D:1)
13 creatures vanquished.

Grand Total: 48 creatures vanquished
